General information
- name: BNet
- type: Ladder team game (AT/RT)
- host: Battle.net
- saver: M[e]shuggah
map: GolemsInTheMist
- players: 8
- length: 41:24
- speed: Fast
- version: 1.26 W3XP
- replay type: Public
» download(237 KB)
Players
team 1 (winner)
NOOBTAC (
blue | 35 APM | 1449 actions | 41:23)
» actions
| Assign group hotkey | 17 | |
| Basic commands | 58 | |
| Build / train | 74 | |
| Enter build submenu | 36 | |
| Remove unit from queue | 1 | |
| Right click | 612 | |
| Select / deselect | 327 | |
| Select group hotkey | 242 | |
| Use ability | 82 | |
1449 total
» units
| Acolyte | 26 | |
| Ghoul | 18 | |
| Goblin Shredder | 3 | |
| Goblin Sapper | 14 | |
| Goblin Zeppelin | 2 | |
63 total
» upgrades
| Cannibalize | 1 | |
| Creature Attack | 1 | |
| Creature Carapace | 2 | |
4 total
» buildings
| Ziggurat | 12 | |
| Crypt | 2 | |
| Necropolis | 10 | |
| Graveyard | 1 | |
| Nerubian Tower | 1 | |
| Spirit Tower | 2 | |
| Halls of the Dead | 1 | |
| Altar of Darkness | 1 | |
30 total
» build order
00:59 Ziggurat
01:05 Crypt
01:09 Crypt
01:17 Ziggurat
01:23 Ziggurat
02:16 Ziggurat
11:15 Necropolis
18:17 Necropolis
21:35 Necropolis
22:37 Necropolis
23:17 Necropolis
23:21 Graveyard
24:37 Necropolis
24:59 Ziggurat
25:00 Ziggurat
25:15 Ziggurat
25:28 Necropolis
25:46 Necropolis
25:52 Necropolis
26:08 Nerubian Tower
26:11 Spirit Tower
26:11 Spirit Tower
30:54 Necropolis
31:51 Halls of the Dead
31:53 Altar of Darkness
31:55 Ziggurat
31:57 Ziggurat
31:58 Ziggurat
32:54 Ziggurat
32:55 Ziggurat

»
Tymanof (
pink | 34 APM | 954 actions | 27:54)
4 Demon Hunter
2 Immolation
1 Mana Burn
1 Evasion
» actions
| Assign group hotkey | 9 | |
| Build / train | 53 | |
| Enter build submenu | 16 | |
| Enter hero's abilities submenu | 4 | |
| Remove unit from queue | 2 | |
| Right click | 505 | |
| Select / deselect | 291 | |
| Select group hotkey | 24 | |
| Use ability | 50 | |
954 total
» units
| Wisp | 11 | |
| Archer | 20 | |
| Hippogryph | 8 | |
| Chimaera | 2 | |
41 total
» upgrades
| Improved Bows | 1 | |
| Hippogryph Taming | 1 | |
2 total
» buildings
| Altar of Elders | 1 | |
| Moon Well | 8 | |
| Ancient of War | 1 | |
| Tree of Ages | 1 | |
| Ancient of Wonders | 1 | |
| Ancient of Wind | 2 | |
| Tree of Eternity | 1 | |
| Chimaera Roost | 2 | |
17 total
» build order
00:06 Altar of Elders
00:15 Moon Well
01:45 Ancient of War
01:58 Moon Well
02:34 Tree of Ages
02:41 Moon Well
03:32 Ancient of Wonders
03:50 Moon Well
05:06 Ancient of Wind
05:12 Ancient of Wind
09:25 Moon Well
10:12 Tree of Eternity
10:22 Moon Well
11:22 Moon Well
12:34 Chimaera Roost
12:39 Chimaera Roost
13:34 Moon Well
» items
SanD17 (
orange | 25 APM | 1036 actions | 41:23)
4 Priestess of the Moon
2 Searing Arrows
2 Trueshot Aura
» actions
| Assign group hotkey | 22 | |
| Build / train | 92 | |
| Enter build submenu | 24 | |
| Enter hero's abilities submenu | 4 | |
| Right click | 485 | |
| Select / deselect | 304 | |
| Select group hotkey | 53 | |
| Use ability | 52 | |
1036 total
» units
| Wisp | 23 | |
| Archer | 27 | |
| Hippogryph | 14 | |
| Chimaera | 9 | |
73 total
» upgrades
| Strength of the Moon | 3 | |
| Moon Armor | 3 | |
| Improved Bows | 1 | |
| Hippogryph Taming | 1 | |
| Marksmanship | 1 | |
| Well Spring | 1 | |
| Corrosive Breath | 1 | |
11 total
» buildings
| Altar of Elders | 1 | |
| Moon Well | 14 | |
| Ancient of War | 1 | |
| Tree of Life | 2 | |
| Tree of Ages | 1 | |
| Hunter's Hall | 1 | |
| Tree of Eternity | 1 | |
| Ancient of Wind | 1 | |
| Ancient Protector | 3 | |
| Chimaera Roost | 1 | |
26 total
» build order
00:13 Altar of Elders
00:23 Moon Well
00:47 Ancient of War
01:39 Moon Well
02:36 Tree of Life
03:27 Moon Well
03:40 Tree of Ages
04:17 Hunter's Hall
06:42 Tree of Eternity
06:47 Ancient of Wind
07:43 Ancient Protector
12:01 Moon Well
12:22 Moon Well
13:34 Moon Well
13:51 Moon Well
14:15 Moon Well
14:33 Ancient Protector
15:41 Ancient Protector
17:06 Chimaera Roost
18:29 Moon Well
18:34 Moon Well
18:41 Moon Well
19:31 Moon Well
19:46 Moon Well
20:04 Moon Well
30:06 Tree of Life
M[e]shuggah (
red | 70 APM | 2914 actions | 41:24)
9 Blood Mage
3 Flame Strike
2 Siphon Mana
1 Summon Phoenix
3 Banish
» actions
| Assign group hotkey | 105 | |
| Basic commands | 212 | |
| Build / train | 105 | |
| Enter build submenu | 79 | |
| Enter hero's abilities submenu | 9 | |
| Give item / drop item | 2 | |
| Remove unit from queue | 2 | |
| Right click | 858 | |
| Select / deselect | 575 | |
| Select group hotkey | 732 | |
| Use ability | 235 | |
2914 total
» units
| Peasant | 17 | |
| Footman | 9 | |
| Goblin Shredder | 2 | |
| Sorceress | 2 | |
| Goblin Sapper | 3 | |
| Gryphon Rider | 2 | |
35 total
» upgrades
| Sorceress Training | 1 | |
| Magic Sentry | 1 | |
| Masonry | 3 | |
| Swords | 3 | |
| Armor | 3 | |
| Storm Hammers | 1 | |
| Animal War Training | 1 | |
13 total
» buildings
| Altar of Kings | 1 | |
| Barracks | 1 | |
| Farm | 11 | |
| Arcane Vault | 2 | |
| Keep | 1 | |
| Town Hall | 4 | |
| Scout Tower | 100 | |
| Arcane Sanctum | 1 | |
| Lumber Mill | 3 | |
| Guard Tower | 26 | |
| Castle | 1 | |
| Blacksmith | 2 | |
| Arcane Tower | 2 | |
| Gryphon Aviary | 6 | |
161 total
» build order
00:44 Altar of Kings
00:45 Barracks
00:58 Farm
00:59 Farm
01:14 Farm
02:29 Farm
02:39 Arcane Vault
03:30 Keep
04:49 Town Hall
06:10 Scout Tower
06:14 Scout Tower
06:17 Scout Tower
06:19 Scout Tower
06:22 Scout Tower
06:24 Scout Tower
06:44 Arcane Sanctum
07:23 Scout Tower
07:23 Scout Tower
07:24 Scout Tower
07:27 Town Hall
07:30 Scout Tower
07:31 Scout Tower
07:31 Scout Tower
07:32 Scout Tower
07:34 Scout Tower
07:36 Scout Tower
07:37 Scout Tower
07:38 Scout Tower
07:39 Scout Tower
07:41 Scout Tower
07:41 Scout Tower
07:42 Scout Tower
07:43 Scout Tower
07:48 Scout Tower
07:49 Scout Tower
08:13 Lumber Mill
08:50 Guard Tower
08:50 Guard Tower
08:53 Guard Tower
10:40 Guard Tower
10:42 Guard Tower
10:47 Guard Tower
11:41 Scout Tower
11:42 Scout Tower
11:42 Scout Tower
11:43 Scout Tower
11:44 Scout Tower
11:44 Scout Tower
11:44 Scout Tower
11:45 Scout Tower
11:46 Scout Tower
11:47 Scout Tower
11:47 Scout Tower
11:48 Scout Tower
11:50 Scout Tower
11:51 Scout Tower
11:51 Scout Tower
11:52 Scout Tower
12:21 Castle
12:24 Blacksmith
12:25 Blacksmith
12:32 Guard Tower
12:44 Guard Tower
13:21 Arcane Tower
13:24 Guard Tower
13:31 Scout Tower
13:32 Scout Tower
13:32 Scout Tower
13:33 Scout Tower
13:34 Scout Tower
13:35 Scout Tower
13:35 Scout Tower
13:36 Scout Tower
13:38 Scout Tower
13:38 Scout Tower
13:39 Scout Tower
13:43 Scout Tower
13:48 Scout Tower
13:49 Scout Tower
13:50 Scout Tower
13:51 Scout Tower
13:53 Scout Tower
13:54 Scout Tower
13:55 Scout Tower
13:56 Scout Tower
13:58 Scout Tower
14:01 Scout Tower
14:01 Scout Tower
14:02 Scout Tower
14:04 Scout Tower
14:08 Scout Tower
14:09 Scout Tower
14:13 Scout Tower
14:19 Guard Tower
15:17 Guard Tower
15:21 Farm
15:27 Guard Tower
16:23 Arcane Tower
16:24 Guard Tower
18:03 Lumber Mill
18:31 Gryphon Aviary
18:34 Gryphon Aviary
18:35 Gryphon Aviary
18:36 Gryphon Aviary
18:37 Gryphon Aviary
18:38 Gryphon Aviary
21:34 Scout Tower
21:35 Scout Tower
21:35 Scout Tower
21:35 Scout Tower
21:36 Scout Tower
21:37 Scout Tower
21:37 Scout Tower
21:39 Scout Tower
21:39 Scout Tower
21:45 Scout Tower
21:46 Scout Tower
21:46 Scout Tower
21:46 Scout Tower
21:48 Scout Tower
21:48 Scout Tower
22:11 Guard Tower
22:14 Guard Tower
22:16 Guard Tower
22:19 Guard Tower
22:49 Guard Tower
24:22 Guard Tower
25:13 Farm
25:13 Farm
25:13 Farm
25:14 Farm
25:15 Farm
25:17 Farm
26:02 Lumber Mill
28:42 Town Hall
28:44 Scout Tower
28:45 Scout Tower
28:45 Scout Tower
28:45 Scout Tower
28:46 Scout Tower
28:46 Scout Tower
28:47 Scout Tower
28:47 Scout Tower
28:48 Scout Tower
28:48 Scout Tower
28:49 Scout Tower
28:49 Scout Tower
28:51 Scout Tower
28:51 Scout Tower
28:52 Scout Tower
28:53 Scout Tower
28:58 Scout Tower
29:13 Arcane Vault
29:17 Guard Tower
29:18 Guard Tower
29:58 Guard Tower
30:17 Guard Tower
30:20 Guard Tower
31:06 Guard Tower
31:19 Town Hall
» items
| Scroll of Regeneration | 2 | |
| Potion of Mana | 5 | |
| Lesser Clarity Potion | 3 | |
| Potion of Healing | 2 | |
| Scroll of Town Portal | 2 | |
14 total
team 2 (loser)

»
R0G.seXy (
yellow | 69 APM | 2178 actions | 31:33)
6 Far Seer
2 Feral Spirit
3 Chain Lighting
1 Earth Quake
6 Paladin
3 Holy Light
2 Divine Shield
1 Resurrection
» actions
| Assign group hotkey | 41 | |
| Basic commands | 245 | |
| Build / train | 123 | |
| Enter build submenu | 49 | |
| Enter hero's abilities submenu | 12 | |
| Give item / drop item | 3 | |
| Remove unit from queue | 2 | |
| Right click | 723 | |
| Select / deselect | 424 | |
| Select group hotkey | 443 | |
| Use ability | 112 | |
2178 total
» units
| Peasant | 10 | |
| Peon | 7 | |
| Grunt | 7 | |
| Troll Headhunter/Berserker | 7 | |
| Demolisher | 2 | |
| Gryphon Rider | 3 | |
| Troll Witch Doctor | 9 | |
| Shaman | 6 | |
| Siege Engine | 8 | |
| Dragonhawk Rider | 1 | |
60 total
» upgrades
| Spiked Barricades | 2 | |
| Shaman Training | 2 | |
| Witch Doctor Training | 2 | |
| Barrage | 1 | |
| Storm Hammers | 1 | |
| Swords | 1 | |
| Lumber Harvesting | 2 | |
| Gunpowder | 3 | |
| Plating | 2 | |
| Masonry | 1 | |
| Armor | 1 | |
| Melee Weapons | 1 | |
| Ranged Weapons | 1 | |
| Reinforced Defenses | 1 | |
21 total
» buildings
| Altar of Storms | 1 | |
| Farm | 8 | |
| Orc Burrow | 7 | |
| Lumber Mill | 1 | |
| Barracks | 2 | |
| Scout Tower | 9 | |
| Voodoo Lounge | 1 | |
| Guard Tower | 5 | |
| War Mill | 1 | |
| Arcane Tower | 6 | |
| Altar of Kings | 1 | |
| Stronghold | 1 | |
| Watch Tower | 2 | |
| Keep | 1 | |
| Fortress | 1 | |
| Spirit Lodge | 2 | |
| Castle | 1 | |
| Gryphon Aviary | 2 | |
| Blacksmith | 1 | |
| Workshop | 1 | |
| Beastiary | 3 | |
| Arcane Vault | 1 | |
58 total
» build order
00:11 Altar of Storms
00:19 Farm
00:27 Orc Burrow
00:46 Lumber Mill
00:54 Barracks
00:57 Scout Tower
01:00 Farm
01:23 Orc Burrow
01:28 Scout Tower
01:41 Barracks
01:49 Voodoo Lounge
01:53 Guard Tower
02:04 Guard Tower
02:05 Guard Tower
02:23 Farm
02:26 Scout Tower
02:42 War Mill
02:46 Orc Burrow
03:00 Arcane Tower
03:03 Altar of Kings
03:06 Scout Tower
03:37 Stronghold
03:45 Arcane Tower
03:45 Arcane Tower
03:50 Scout Tower
04:06 Orc Burrow
04:25 Orc Burrow
04:41 Guard Tower
04:43 Scout Tower
04:59 Watch Tower
05:11 Keep
05:12 Guard Tower
07:12 Fortress
07:28 Orc Burrow
07:30 Watch Tower
07:35 Spirit Lodge
07:54 Castle
08:01 Spirit Lodge
09:35 Gryphon Aviary
09:38 Gryphon Aviary
09:41 Blacksmith
09:42 Farm
11:48 Orc Burrow
11:59 Workshop
12:05 Farm
12:13 Farm
12:51 Beastiary
12:53 Beastiary
12:56 Beastiary
13:00 Farm
13:13 Farm
13:36 Arcane Vault
17:46 Scout Tower
18:33 Arcane Tower
18:37 Scout Tower
18:39 Scout Tower
20:16 Arcane Tower
» items
| Healing Salve | 2 | |
| Lesser Clarity Potion | 3 | |
| Scroll of Town Portal | 1 | |
| Orb of Fire | 1 | |
| Staff of Sanctuary | 1 | |
| Potion of Mana | 1 | |
9 total
STAKANOv (
teal | 0 APM | 0 actions | 41:24)
LeCoq (
green | 33 APM | 988 actions | 29:39)
6 Mountain King
3 Storm Bolt
1 Bash
1 Thunder Clap
1 Avatar
4 Paladin
1 Devotion Aura
1 Divine Shield
2 Holy Light
» actions
| Build / train | 83 | |
| Enter build submenu | 24 | |
| Enter hero's abilities submenu | 10 | |
| Give item / drop item | 7 | |
| Remove unit from queue | 2 | |
| Right click | 457 | |
| Select / deselect | 333 | |
| Use ability | 72 | |
988 total
» units
| Peasant | 20 | |
| Peon | 1 | |
| Footman | 3 | |
| Knight | 4 | |
| Flying Machine | 8 | |
| Troll Headhunter/Berserker | 4 | |
| Shaman | 1 | |
41 total
» upgrades
| Plating | 3 | |
| Swords | 3 | |
| Masonry | 3 | |
| Lumber Harvesting | 1 | |
| Animal War Training | 1 | |
| Flak Cannons | 1 | |
| Gunpowder | 2 | |
| Flying Machine Bombs | 2 | |
| Troll Regeneration | 1 | |
| Berserker Upgrade | 1 | |
| Ranged Weapons | 1 | |
19 total
» buildings
| Altar of Kings | 1 | |
| Farm | 7 | |
| Barracks | 3 | |
| Blacksmith | 1 | |
| Scout Tower | 6 | |
| Keep | 1 | |
| Arcane Tower | 1 | |
| Lumber Mill | 1 | |
| Guard Tower | 4 | |
| Castle | 1 | |
| Workshop | 1 | |
| Arcane Vault | 1 | |
28 total
» build order
00:17 Altar of Kings
00:37 Farm
01:15 Barracks
01:33 Farm
01:45 Blacksmith
02:18 Farm
03:04 Scout Tower
03:31 Keep
03:40 Scout Tower
04:02 Barracks
04:05 Arcane Tower
04:15 Lumber Mill
04:23 Farm
04:29 Scout Tower
05:07 Farm
05:40 Guard Tower
06:31 Castle
06:34 Barracks
07:32 Farm
09:00 Scout Tower
09:04 Workshop
11:09 Guard Tower
11:12 Scout Tower
11:39 Arcane Vault
11:41 Guard Tower
11:44 Farm
18:16 Scout Tower
18:47 Guard Tower
» items

»
crasy (
purple | 90 APM | 3714 actions | 41:22)
6 Death Knight
3 Death Coil
3 Unholy Aura
5 Lich
3 Frost Nova
2 Frost Armor
» actions
| Assign group hotkey | 48 | |
| Basic commands | 247 | |
| Build / train | 143 | |
| ESC pressed | 8 | |
| Enter build submenu | 51 | |
| Enter hero's abilities submenu | 11 | |
| Give item / drop item | 3 | |
| Right click | 1523 | |
| Select / deselect | 577 | |
| Select group hotkey | 929 | |
| Use ability | 174 | |
3714 total
» units
| Acolyte | 18 | |
| Ghoul | 2 | |
| Peon | 1 | |
| Crypt Fiend | 7 | |
| Goblin Shredder | 3 | |
| Goblin Zeppelin | 5 | |
| Obsidian Statue | 3 | |
| Frost Wyrm | 6 | |
| Goblin Sapper | 6 | |
51 total
» upgrades
| Creature Attack | 3 | |
| Web | 1 | |
| Spiked Barricades | 1 | |
| Burrow | 1 | |
| Creature Carapace | 3 | |
| Destroyer Form | 1 | |
| Ghoul Frenzy | 1 | |
| Disease Cloud | 1 | |
| Backpack | 1 | |
| Freezing Breath | 1 | |
| Stone Form | 1 | |
| Exhume Corpses | 1 | |
| Cannibalize | 1 | |
| Unholy Armor | 3 | |
| Unholy Strength | 3 | |
| Necromancer Training | 2 | |
| Banshee Training | 2 | |
| Skeletal Mastery | 1 | |
| Skeletal Longevity | 1 | |
29 total
» buildings
| Altar of Darkness | 1 | |
| Ziggurat | 20 | |
| Crypt | 1 | |
| Graveyard | 1 | |
| Tomb of Relics | 3 | |
| Nerubian Tower | 5 | |
| Halls of the Dead | 1 | |
| Spirit Tower | 22 | |
| Sacrificial Pit | 2 | |
| Slaughterhouse | 1 | |
| Necropolis | 4 | |
| Black Citadel | 3 | |
| Boneyard | 2 | |
| Temple of the Damned | 2 | |
68 total
» build order
00:05 Altar of Darkness
00:07 Ziggurat
00:33 Crypt
00:57 Graveyard
01:14 Ziggurat
01:27 Tomb of Relics
02:18 Nerubian Tower
02:18 Nerubian Tower
03:17 Ziggurat
04:13 Halls of the Dead
06:52 Ziggurat
06:55 Spirit Tower
06:56 Spirit Tower
07:17 Sacrificial Pit
07:21 Sacrificial Pit
09:26 Slaughterhouse
11:11 Necropolis
14:23 Necropolis
14:52 Black Citadel
14:52 Black Citadel
14:57 Ziggurat
15:00 Ziggurat
16:23 Ziggurat
16:25 Ziggurat
16:26 Ziggurat
16:32 Ziggurat
16:34 Ziggurat
16:36 Ziggurat
16:47 Spirit Tower
17:23 Spirit Tower
17:25 Nerubian Tower
17:26 Spirit Tower
17:30 Spirit Tower
17:32 Nerubian Tower
17:33 Spirit Tower
20:49 Boneyard
20:51 Boneyard
21:11 Ziggurat
21:12 Ziggurat
22:05 Spirit Tower
22:08 Spirit Tower
24:06 Tomb of Relics
24:14 Necropolis
25:14 Ziggurat
26:14 Spirit Tower
26:14 Spirit Tower
26:17 Ziggurat
27:42 Ziggurat
27:43 Ziggurat
27:50 Ziggurat
28:41 Spirit Tower
28:41 Spirit Tower
28:42 Spirit Tower
29:56 Spirit Tower
31:05 Ziggurat
31:11 Tomb of Relics
32:35 Spirit Tower
33:07 Temple of the Damned
33:10 Temple of the Damned
37:50 Necropolis
» items
| Rod of Necromancy | 4 | |
| Potion of Healing | 1 | |
| Scroll of Town Portal | 3 | |
| Orb of Fire | 1 | |
9 total
Chat log
(00:08 / All) M[e]shuggah: awesome loadhack bro
(00:10 / All) crasy: Sick 280 second loadhack
(00:16 / All) M[e]shuggah: faggot bulgarian
(00:19 / All) M[e]shuggah: scumbag
(00:23 / All) crasy: YOu probably don't have the apm to use your maphack properly
(00:33 / Allies) M[e]shuggah: Why would you do that in 4v4 anyway>
(00:51 / Allies) Tymanof: хай
(00:53 / Allies) M[e]shuggah: your team is just as likely to leave idiot
(01:20 / Allies) Tymanof: rush or creep?
(01:25 / Allies) SanD17: ?
(01:28 / Allies) SanD17: ^^
(02:04 / Allies) NOOBTAC: i mass rush
(02:10 / Allies) Tymanof: ok
(02:19 / All) M[e]shuggah: There's a scumbag in this game, name of NOOBTAC
(03:41 / Allies) NOOBTAC: go
(03:57 / Allies) Tymanof: wait
(03:58 / Allies) NOOBTAC: all
(04:02 / Allies) Tymanof: orang
(04:26 / Allies) Tymanof: red
(04:35 / All) NOOBTAC: leave noob mh
(04:45 / All) M[e]shuggah: says longload hack lol
(06:32 / All) crasy: nice ghouls bro
(08:30 / Allies) NOOBTAC: total noob human
(08:31 / Allies) NOOBTAC: fu
(09:02 / All) R0G.seXy: nice hack control
(09:42 / All) NOOBTAC: team gay noobs
(09:42 / Allies) Tymanof: gold plz
(09:43 / All) NOOBTAC: all
(10:18 / Allies) Tymanof: ty
(10:31 / All) R0G.seXy: FUCK U NOOBTAC HACKER
(10:44 / All) NOOBTAC: stfu noob
(10:48 / All) R0G.seXy: STFU NOOB
(10:53 / All) R0G.seXy: U CANT WIN WITHOUT HACK
(11:05 / All) R0G.seXy: GO BUY A LIFE
(12:42 / Allies) Tymanof: ty
(12:51 / Allies) Tymanof: stop
(12:53 / Allies) Tymanof: blue
(14:31 / All) crasy: nice necropolis
(14:33 / All) crasy: wtf is this
(14:39 / Allies) Tymanof: tp
(14:41 / Allies) Tymanof: com
(15:20 / All) NOOBTAC: noob team
(15:30 / All) M[e]shuggah: hacker
(16:00 / All) crasy: nice try
(16:30 / Allies) Tymanof: red
(17:23 / Allies) Tymanof: gold
(17:42 / Allies) M[e]shuggah: wood
(19:10 / All) R0G.seXy: STFU NOOB U CANT WIN WITHOUT HACK
(19:27 / All) crasy: keep massing hippos versus fiends lol
(19:44 / All) NOOBTAC: stfu noob mh
(23:06 / Allies) SanD17: 10000 gold ^^
(23:31 / All) M[e]shuggah: :(
(23:36 / All) M[e]shuggah: just had lag and then my hero was dead lawl
(23:46 / All) R0G.seXy: AND ?
(23:54 / All) M[e]shuggah: and I has a sad
(25:47 / All) crasy: WTF
(25:49 / All) crasy: I CANT DO SHIT
(25:50 / All) crasy: FUCKOIGN
(25:52 / All) crasy: CONTROL HACK
(25:53 / All) crasy: OMG
(26:04 / All) crasy: OMG
(26:06 / All) crasy: CONTROL HACK
(26:06 / All) crasy: WTF
(26:36 / All) crasy: NOOB BLUE HACKER SHIT
(26:37 / All) crasy: FJUCKIGN
(26:39 / All) crasy: CONTROL EHACK
(27:27 / All) crasy: nice try
(28:31 / All) crasy: CONTROL HACK
(28:32 / All) crasy: BLUE
(28:34 / All) crasy: WTF
(29:37 / All) R0G.seXy: CONTROL HACK
(29:41 / All) R0G.seXy: DISCO HACK
(29:46 / All) R0G.seXy: ^^
(29:49 / All) R0G.seXy: U RUS ?
(30:14 / All) R0G.seXy: ILL KEEP THIS REPLAY ; D
(30:20 / All) crasy: SEND IT TO BLIZZARD
(30:22 / All) crasy: SO FUCKING STUPID
(30:24 / All) NOOBTAC: okok
(30:27 / All) NOOBTAC: u lose 1v4
(30:40 / All) crasy: BLUE WHY ARE YOU SUING MY ARMY?
(30:48 / All) R0G.seXy: WITH UR MASS CLICK U FUCKED
(30:58 / All) R0G.seXy: OBVIOUS U CONTROL
(31:07 / All) R0G.seXy: IN REPLAY IT WILL BE SEEN
(31:17 / All) crasy: CONTROL HACK NOOB
(31:30 / All) R0G.seXy: CYA NOOB
(31:44 / All) NOOBTAC: noobs
(32:19 / All) crasy: they believed that excuse for backstabbing
(32:20 / All) crasy: wow
(32:21 / All) crasy: just wow
(32:39 / All) NOOBTAC: just wow
(32:51 / All) crasy: Should we reveal?
(33:24 / All) NOOBTAC: i won 1v4
(33:32 / All) crasy: No you didn't lol
(33:44 / All) NOOBTAC: yes i did
(33:50 / All) crasy: Red and I will finish you now
(33:55 / All) M[e]shuggah: what did you do other than long load hack sissy boy?
(33:56 / All) NOOBTAC: ok
(34:01 / All) NOOBTAC: and i still win 1v4
(34:07 / All) NOOBTAC: so ?
(34:12 / All) crasy: Whatever you want to believe, buddy
(34:16 / All) crasy: Better download that tiehack fast
(34:37 / All) NOOBTAC: for what ?
(34:46 / All) crasy: lol
(34:46 / All) NOOBTAC: i already win 1v4
(34:48 / All) crasy: Still oblivious?
(35:34 / All) NOOBTAC: zzz
(35:42 / Allies) SanD17: go!
(35:59 / All) NOOBTAC: im so afraid
(36:10 / All) NOOBTAC: my stats will be 1188-1202
(36:13 / All) crasy: You are 1188 - 1201 with maphack and loadhack you are awful
(36:14 / All) NOOBTAC: and i still win 1v4
(36:21 / All) NOOBTAC: so what u actually do ?
(36:23 / All) M[e]shuggah: Blue how do you figure you won 1v4?
(36:30 / All) M[e]shuggah: You did nothing this game other than long load hack
(36:36 / All) NOOBTAC: because u all noobs
(36:38 / All) NOOBTAC: so
(36:39 / All) NOOBTAC: ?
(36:41 / All) M[e]shuggah: I did a lot more against green and yellow than you did
(36:41 / All) NOOBTAC: easy
(36:46 / All) NOOBTAC: LOL
(36:48 / All) NOOBTAC: joke
(36:52 / All) NOOBTAC: haha
(36:53 / All) M[e]shuggah: They raped you
(36:57 / All) NOOBTAC: stop joke pls
(37:00 / All) M[e]shuggah: lol
(37:01 / All) NOOBTAC: i won 1v4
(37:04 / All) M[e]shuggah: Fucking Bulgarian
(37:06 / All) M[e]shuggah: k
(37:07 / All) NOOBTAC: lol
(37:09 / All) M[e]shuggah: delusional fuck
(37:14 / All) NOOBTAC: joker
(37:38 / All) NOOBTAC: so
(37:41 / All) NOOBTAC: zzz
(38:26 / All) NOOBTAC: i love win 1v4
(38:36 / All) NOOBTAC: so go next
(38:40 / All) NOOBTAC: after this
(39:20 / All) NOOBTAC: our human was total noob
(39:23 / All) M[e]shuggah: lol
(39:26 / All) crasy: so daft
(39:31 / All) NOOBTAC: tetris is just for him
(39:35 / All) crasy: Did you still win 1v4 buddy?
(39:37 / All) NOOBTAC: ud
(39:40 / All) NOOBTAC: tell
(39:45 / All) NOOBTAC: our human was noob ?
(39:57 / All) NOOBTAC: but tell true
(40:03 / All) NOOBTAC: xd
(40:13 / All) NOOBTAC: silent = yes
(40:15 / All) NOOBTAC: ?
(40:16 / Allies) SanD17: n importe quoi !
(40:20 / All) M[e]shuggah: I'm a little new
(40:26 / All) NOOBTAC: u see
(40:27 / All) M[e]shuggah: I've only been playing for a decade
(40:28 / All) NOOBTAC: human
(40:33 / All) NOOBTAC: all agreed u was total suck
(40:36 / Allies) SanD17: abruti
(40:39 / All) M[e]shuggah: lol
(40:46 / All) M[e]shuggah: I think u was total suck
(40:49 / All) NOOBTAC: even ud
(40:52 / All) crasy: you are a loadhacker and maphacker that isn't even 50%
(40:54 / All) NOOBTAC: agree
(40:55 / All) M[e]shuggah: You've been hoaxed
(40:59 / All) M[e]shuggah: You never had a shot at winning